 Dungeon Crawl Stone Soup version 0.20.0-8-g6b59dc7 (webtiles) character file.

158083 Rrauwl the Bludgeoner (level 17, 0/158 HPs)
             Began as a Minotaur Artificer on May 30, 2017.
             Shot with an arrow by a deep elf archer (13 damage)
             ... on level 1 of the Elven Halls on May 31, 2017.
             The game lasted 02:19:43 (34200 turns).

Rrauwl the Bludgeoner (Minotaur Artificer)         Turns: 34200, Time: 02:19:44

Health: 0/158      AC: 27    Str: 21    XL:     17   Next: 13%
Magic:  29/29      EV: 13    Int:  9    God:
Gold:   755        SH:  4    Dex: 16    Spells: 12/16 levels left

rFire    + . .     SeeInvis +   a - +7 morningstar of Tomorrow {flame, rElec Int+3}
rCold    + . .     Gourm    .   (no shield)
rNeg     . . .     Faith    .   O - +1 plate armour {rPois}
rPois    +         Spirit   .   P - +2 hat {SInv}
rElec    +         Reflect  +   J - +2 cloak
rCorr    .         Harm     .   T - +1 pair of gloves
MR       +....                  Q - +1 pair of boots of the Shrike {+Inv}
Stlth    ..........             f - +4 amulet of reflection
Regen    0.4/turn               R - +3 ring of evasion
MPRegen  0.3/turn               t - ring of Quokhluck {rElec rPois rF+ MP+9 Int-2}

@: slowed, very slow
A: retaliatory headbutt, horns 2, cold resistance 1, strong 1, subdued magic 1
a: Evoke Invisibility


You were on level 1 of the Elven Halls.
You were hungry.

You visited 6 branches of the dungeon, and saw 28 of its levels.
You visited the Abyss 1 time.
You visited 1 bazaar.
You also visited: Ossuary.

You collected 2414 gold pieces.
You spent 1659 gold pieces at shops.

Inventory:

Hand Weapons
 a - the +7 morningstar of Tomorrow (weapon) {flame, rElec Int+3}
   (You bought it in a shop on level 2 of the Orcish Mines)

   It has been specially enchanted to burn those struck by it, causing extra
   injury to most foes and up to half again as much damage against particularly
   susceptible opponents.
   It affects your intelligence (+3).
   It insulates you from electricity.
 b - a +0 longbow
Missiles
 w - 505 arrows
 x - 5 tomahawks of dispersal (quivered)
Armour
 J - a +2 cloak (worn)
 O - a +1 plate armour of poison resistance (worn)
 P - a +2 hat of see invisible (worn)
 Q - the +1 pair of boots of the Shrike (worn) {+Inv}
   (You found it on level 3 of the Lair of Beasts)

   It lets you turn invisible.
 T - a +1 pair of gloves (worn)
Jewellery
 f - a +4 amulet of reflection (around neck)
 t - the ring of Quokhluck (right hand) {rElec rPois rF+ MP+9 Int-2}
   (You bought it in a shop on level 2 of the Orcish Mines)

   [ring of magical power]

   It affects your intelligence (-2).
   It protects you from fire.
   It insulates you from electricity.
   It protects you from poison.
   It affects your magic capacity (+9).
 y - an uncursed ring of flight
 R - a +3 ring of evasion (left hand)
Wands
 d - a wand of enslavement (15/24)
 e - a wand of iceblast (15/15)
 i - a wand of iceblast (8/15)
 z - a wand of confusion (27/48)
 B - a wand of lightning (7/15)
 C - a wand of lightning (9/15)
 D - a wand of disintegration (17/24)
 F - a wand of acid (5/15)
 G - a wand of digging (24/24)
 N - a wand of acid (11/15)
Scrolls
 c - 4 scrolls of magic mapping
 h - 6 scrolls of enchant weapon
 k - 3 scrolls of fear
 l - 10 scrolls of identify
 m - 3 scrolls of teleportation
 r - 2 scrolls of blinking
 u - 2 scrolls of amnesia
 v - 5 scrolls of remove curse
 I - 4 scrolls of enchant armour
Potions
 g - 5 potions of might
 o - 4 potions of ambrosia
 s - 9 potions of curing
 A - 3 potions of cancellation
 M - 2 potions of haste
 V - 3 potions of agility
Miscellaneous
 j - a phial of floods
 q - a box of beasts
Comestibles
 n - 3 chunks of flesh
 E - 7 bread rations


   Skills:
 + Level 16.0 Fighting
   Level 1.1 Short Blades
 - Level 20.1 Maces & Flails
 + Level 18.1 Bows
 - Level 12.0 Armour
 - Level 6.0 Dodging
 - Level 0.7 Stealth
 - Level 6.0 Evocations


You had 12 spell levels left.
You knew the following spells:

 Your Spells              Type           Power        Failure   Level  Hunger
a - Apportation           Tloc           #.....       99%         1    ##.....
b - Blink                 Tloc           N/A          100%        2    ###....
c - Summon Butterflies    Summ           #.......     99%         1    ##.....


Dungeon Overview and Level Annotations

Branches:
Dungeon (15/15)            Temple (1/1) D:6            Lair (6/6) D:9
  Swamp (0/4) Lair:4        Snake (3/4) Lair:2        Slime (0/5) Lair:5
    Orc (2/2) D:11            Elf (1/3) Orc:2        Vaults (0/5) D:13
 Depths (0/5) D:15

Altars:
Ashenzari
Cheibriados
Dithmenos
Elyvilon
Fedhas
Gozag
Hepliaklqana
Kikubaaqudgha
Makhleb
Nemelex Xobeh
Okawaru
Qazlal
Ru
Sif Muna
Trog
Uskayaw
Vehumet
Xom
Yredelemnul
Zin
The Shining One

Shops:
D:4 !   D:9 %[*(   Orc:2 =(*[   Elf:1 (


Innate Abilities, Weirdness & Mutations

You reflexively headbutt those who attack you in melee.
You have a pair of horns on your head.
Your flesh is cold resistant. (rC+)
Your muscles are strong. (Str +2)
Your spells are a little easier to cast, but a little less powerful.


Message History

The deep elf archer hits you but does no damage.
The deep elf archer unwields an uncursed dagger.
The deep elf archer wields an uncursed shortbow.
The deep elf archer shoots an arrow.
The arrow hits you but does no damage.
The deep elf archer blinks!
Items here: ( ) [ † a shortbow; 6 arrows; a leather armour; an elf corpse The deep elf archer shoots an arrow.
The arrow hits you but does no damage.
The deep elf archer unwields an uncursed short sword.
The deep elf archer wields an uncursed enchanted shortbow.
The deep elf archer shoots an arrow.
The arrow barely misses you.
The deep elf archer shoots an arrow.
The arrow barely misses you.
You see here 2 arrows.
The deep elf archer shoots an arrow.
The arrow hits you!
* * * LOW HITPOINT WARNING * * *
You see here an arrow.
You feel better.
The deep elf archer shoots an arrow.
The arrow hits you but does no damage.
The deep elf archer shoots an arrow.
The arrow hits you!
You die...

....#...........
.......e)#
..####)## #)#
#)# ####(####
#..())).#
##.#(####
#.@.'.# #.((###
#e8.# #...#
#...# #.8.#
#...# #...#
##.##


You could see 2 deep elf archers.

Vanquished Creatures
  A tentacled starspawn (Abyss:3)
  2 nagarajas
  Louise (D:15)
  4 orc warlords
  A stone giant (Orc:2)
  A green draconian (Abyss:4)
  A very ugly thing (Abyss:5)
  4 dire elephants
  A deep elf demonologist (Elf:1)
  Snorg (D:11)
  Josephine (Orc:1)
  Fannar (D:11)
  11 naga warriors
  4 centaur warriors
  6 hydras
  A merfolk avatar (Lair:6)
  2 catoblepae (Lair:5)
  8 anacondas
  4 dancing weapons
  A death knight (D:13)
  3 two-headed ogres
  A tengu warrior (D:10)
  7 shock serpents
  5 orc high priests
  2 deep elf knights (Elf:1)
  The ghost of Jannitor the Fighter, a novice GrFi of the Shining One (D:10)
  5 naga sharpshooters (Snake:2)
  A large abomination (Abyss:5)
  3 wretched stars (Abyss:4)
  4 unseen horrors
  A skeletal warrior (D:13)
  A sea snake (Snake:2)
  5 deep elf archers
  Pikel (D:7)
  A harpy (Lair:6)
  4 naga ritualists
  2 wolf spider zombies (D:15)
  7 orc knights
  3 mana vipers
  A phantasmal warrior (D:13)
  A wolf spider (D:15)
  A lindwurm (Lair:6)
  6 deep elf magi
  4 ugly things (D:14)
  8 orc sorcerers
  7 salamanders
  2 cyclopes
  2 manticores (D:15)
  30 black mambas
  An apocalypse crab (Abyss:4)
  13 elephants
  Joseph (D:7)
  9 naga magi
  17 spiny frogs
  Maurice (D:11)
  4 rime drakes
  A gargoyle (D:14)
  A torpor snail (Lair:6)
  An efreet (D:15)
  9 komodo dragons
  A hellwing (Abyss:4)
  An ancient zyme (Abyss:4)
  3 starcursed masses
  9 trolls
  A wind drake (Lair:6)
  10 polar bears
  5 raiju
  13 slime creatures
  A wolf spider simulacrum (D:14)
  Grinder (D:4)
  A hornet (Lair:6)
  11 blink frogs
  8 hippogriffs
  A hippogriff (shapeshifter) (D:15)
  7 dream sheep
  Sigmund (D:3)
  2 centaur simulacra (D:13)
  4 wyverns
  A spriggan (Lair:1)
  A water elemental (D:13)
  5 wraiths
  A shadow (D:13)
  Eustachio (D:4)
  3 small abominations
  3 basilisks
  30 yaks
  7 hungry ghosts
  2 golden eyes (shapeshifter)
  Grum (D:11)
  Menkaure (D:5)
  7 wargs
  Edmund (D:5)
  27 nagas
  2 acid dragons
  A soldier ant (D:14)
  4 porcupines
  13 water moccasins
  Duvessa (D:6)
  40 orc warriors
  2 slaves (D:7)
  3 ice beasts
  2 sky beasts
  An eye of draining (Abyss:3)
  3 black bears
  2 phantoms
  A hornet zombie (D:10)
  10 wolves
  13 ogres
  12 centaurs
  21 crocodiles
  Blork the orc (D:6)
  15 bullfrogs
  A big kobold (D:14)
  Dowan (D:6)
  3 wyvern skeletons
  11 scorpions
  11 killer bees (D:11)
  10 wights
  4 howler monkeys
  5 electric eels
  A bullfrog zombie (D:10)
  4 centaur zombies
  8 crimson imps
  15 orc priests
  8 hounds
  19 orc wizards
  3 bullfrog skeletons
  A human zombie (Ossuary)
  18 jellies
  6 centaur skeletons
  Jessica (D:3)
  Terence (D:3)
  5 iguanas
  Ijyb (D:5)
  Natasha (twice) (D:3)
  10 worker ants
  A killer bee zombie (D:5)
  2 big kobold zombies (Ossuary)
  2 mummies (Ossuary)
  6 gnolls
  13 adders
  2 worker ant zombies
  8 scorpion zombies (Ossuary)
  3 shadow imps
  A white imp (Abyss:3)
  18 oozes
  An adder skeleton (D:5)
  6 worms
  3 leopard geckos
  68 orcs
  6 bats
  9 giant cockroaches
  A gnoll zombie (Ossuary)
  4 hobgoblins
  13 jackals
  3 quokkas
  5 frilled lizards
  13 goblins
  2 goblin zombies (Ossuary)
  2 hobgoblin zombies (Ossuary)
  2 jackal zombies
  9 kobolds
  2 kobold zombies (Ossuary)
  A quokka skeleton (D:3)
  13 rats
  2 fungi (Orc:2)
  A lurking horror (Abyss:4)
922 creatures vanquished.

Vanquished Creatures (others)
  A guardian serpent (Snake:1)
  A spiny frog (Lair:5)
  The ghost of luab the Tormented, a novice DENe of Kikubaaqudgha (D:5)
  2 large abominations (Abyss:4)
  A small abomination (Abyss:4)
  An orc priest (Orc:1)
  A human zombie (Ossuary)
  A mummy (Ossuary)
  A worker ant zombie (D:5)
  A gnoll (Orc:1)
  A white imp (Abyss:4)
  An orc (D:11)
  31 fungi
  20 plants (Lair:6)
  2 starspawn tentacles (Abyss:4)
66 creatures vanquished.

Grand Total: 988 creatures vanquished

Notes
Turn   | Place    | Note
-------+----------+-------------------------------------------
     0 | D:1      | Rrauwl the Minotaur Artificer began the quest for the Orb.
     0 | D:1      | Reached XP level 1. HP: 16/16 MP: 1/1
   135 | D:1      | Reached XP level 2. HP: 8/23 MP: 3/3
   610 | D:2      | Reached XP level 3. HP: 25/30 MP: 4/4
   735 | D:2      | Found an opulent altar of Gozag.
   892 | D:2      | Reached skill level 1 in Armour
   892 | D:2      | Reached XP level 4. HP: 20/38 MP: 5/5
  1779 | D:3      | Reached XP level 5. HP: 43/45 MP: 6/6
  1814 | D:3      | Noticed Terence
  1847 | D:3      | Killed Terence
  1874 | D:3      | Noticed Jessica
  1877 | D:3      | Killed Jessica
  1880 | D:3      | Reached skill level 1 in Maces & Flails
  2049 | D:3      | Noticed Sigmund
  2053 | D:3      | Reached skill level 5 in Armour
  2057 | D:3      | Reached XP level 6. HP: 51/51 MP: 7/7
  2068 | D:3      | Killed Sigmund
  2068 | D:3      | Reached skill level 3 in Maces & Flails
  2131 | D:3      | Noticed Natasha
  2145 | D:3      | Killed Natasha
  2348 | D:3      | Noticed Natasha
  2364 | D:3      | Killed Natasha
  2596 | D:4      | Found Ciont's Distillery.
  2601 | D:4      | Bought a potion of agility for 56 gold pieces
  2601 | D:4      | Bought a potion of might for 56 gold pieces
  2701 | D:4      | Reached skill level 4 in Maces & Flails
  2701 | D:4      | Reached XP level 7. HP: 45/57 MP: 8/8
  2788 | D:4      | Noticed Eustachio
  2789 | D:4      | Noticed Grinder
  2800 | D:4      | Killed Eustachio
  2800 | D:4      | Reached skill level 5 in Maces & Flails
  2803 | D:4      | Paralysed by Grinder for 4 turns
  2816 | D:4      | Killed Grinder
  2816 | D:4      | Reached skill level 5 in Fighting
  3268 | D:5      | Entered Level 5 of the Dungeon
  3270 | D:5      | Found a sand-covered staircase.
  3275 | D:5      | Reached skill level 6 in Maces & Flails
  3275 | D:5      | Reached XP level 8. HP: 70/70 MP: 9/9
  3293 | Ossuary  | Entered an ossuary
  3613 | Ossuary  | Reached skill level 7 in Maces & Flails
  3984 | D:5      | Learned a level 1 spell: Apportation
  4055 | D:5      | Noticed luab's ghost (novice DENe)
  4090 | D:5      | Killed luab's ghost
  4395 | D:5      | Noticed Edmund
  4407 | D:5      | Killed Edmund
  4407 | D:5      | Reached skill level 8 in Maces & Flails
  4546 | D:5      | Noticed Ijyb
  4555 | D:5      | Killed Ijyb
  4560 | D:5      | Noticed Menkaure
  4568 | D:5      | Killed Menkaure
  4947 | D:5      | Reached XP level 9. HP: 82/82 MP: 10/10
  4982 | D:5      | Found an iron altar of Okawaru.
  5025 | D:5      | Got a brightly glowing war axe {protect}
  5026 | D:5      | Identified the +2 war axe of Punishment {protect, rF++} (You took it off a crimson imp on level 5 of the Dungeon)
  5319 | D:6      | Reached skill level 9 in Maces & Flails
  5367 | D:6      | Noticed Blork the orc
  5374 | D:6      | Killed Blork the orc
  5540 | D:6      | Found a staircase to the Ecumenical Temple.
  5546 | Temple   | Entered the Ecumenical Temple
  5918 | D:6      | Noticed Duvessa
  5921 | D:6      | Noticed Dowan
  5930 | D:6      | Killed Duvessa
  5952 | D:6      | Killed Dowan
  6468 | D:7      | Reached skill level 10 in Maces & Flails
  6605 | D:7      | Reached skill level 10 in Fighting
  6778 | D:7      | Noticed Pikel
  6812 | D:7      | Noticed Joseph
  6836 | D:7      | Killed Joseph
  6857 | D:7      | Killed Pikel
  6857 | D:7      | Reached XP level 10. HP: 93/93 MP: 11/11
  6956 | D:7      | Reached skill level 5 in Dodging
  7076 | D:8      | Noticed a two-headed ogre
  7085 | D:8      | Killed a two-headed ogre
  7085 | D:8      | Reached skill level 11 in Maces & Flails
  7469 | D:8      | Noticed a two-headed ogre
  7476 | D:8      | Killed a two-headed ogre
  7476 | D:8      | Reached skill level 12 in Maces & Flails
  7530 | D:8      | Gained mutation: You have very sharp teeth. [mutagenic meat]
  7531 | D:8      | Gained mutation: Your magical capacity is low. (-10% MP) [mutagenic meat]
  7532 | D:8      | Gained mutation: Your muscles are strong. (Str +2) [mutagenic meat]
  7876 | D:9      | Reached skill level 10 in Armour
  7983 | D:9      | Found a staircase to the Lair.
  7992 | Lair:1   | Entered Level 1 of the Lair of Beasts
  8051 | D:9      | Found Topraemo's Assorted Antiques.
  8061 | D:9      | Bought a wand of iceblast (?/15) for 92 gold pieces
  8061 | D:9      | Bought a large lapis lazuli amulet for 115 gold pieces
  8181 | D:9      | Found Xaicwas's Armour Shoppe.
  8225 | D:9      | Found Efuybuuj's Food Shop.
  8405 | D:9      | Found Heukkidu's Weapon Shop.
  8494 | D:10     | Entered Level 10 of the Dungeon
  8533 | D:10     | Reached XP level 11. HP: 97/99 MP: 11/11
  8600 | D:10     | Noticed a tengu warrior
  8605 | D:10     | Killed a tengu warrior
  8605 | D:10     | Reached skill level 13 in Maces & Flails
  8637 | D:10     | Got a faintly glowing great mace
  8638 | D:10     | Identified the +1 great mace of Honour {drain, +Inv rPois Int+3 Dex-3} (You found it on level 10 of the Dungeon)
  8805 | D:10     | Noticed Jannitor's ghost (novice GrFi)
  8823 | D:10     | Killed Jannitor's ghost
  9478 | Lair:1   | Reached skill level 1 in Bows
 10143 | Lair:2   | Reached skill level 14 in Maces & Flails
 10234 | Lair:2   | Found a staircase to the Snake Pit.
 10908 | Lair:2   | Reached XP level 12. HP: 105/106 MP: 11/11
 11016 | Lair:3   | Noticed a seven-headed hydra
 11030 | Lair:3   | Killed a seven-headed hydra
 11140 | Lair:3   | Reached skill level 5 in Bows
 11458 | Lair:3   | Got a pair of faintly glowing boots
 11469 | Lair:3   | Identified the +1 pair of boots of the Shrike {+Inv} (You found it on level 3 of the Lair of Beasts)
 11734 | Lair:3   | Reached skill level 15 in Maces & Flails
 12211 | Lair:4   | Found a staircase to the Swamp.
 12424 | Lair:4   | Noticed a five-headed hydra
 12431 | Lair:4   | Killed a five-headed hydra
 12537 | Lair:4   | Reached skill level 5 in Evocations
 12643 | Lair:4   | Noticed a five-headed hydra
 12647 | Lair:4   | Killed a five-headed hydra
 13546 | Lair:5   | Reached XP level 13. HP: 92/116 MP: 14/14
 13950 | Lair:5   | Found a staircase to the Slime Pits.
 14168 | Lair:5   | Reached skill level 16 in Maces & Flails
 14954 | Lair:6   | Entered Level 6 of the Lair of Beasts
 15437 | Lair:6   | Reached skill level 10 in Bows
 15721 | Lair:6   | Reached skill level 17 in Maces & Flails
 15741 | Lair:6   | Got a brightly glowing flail
 15744 | Lair:6   | Identified the cursed +3 flail of the Endless March {elec, *Rage Fragile rPois rN+++} (You found it on level 6 of the Lair of Beasts)
 15748 | Lair:6   | Got a glittering crystal amulet
 15749 | Lair:6   | Identified the amulet of the Shining One's Whim {Inacc rN+ MR+} (You found it on level 6 of the Lair of Beasts)
 16847 | Lair:6   | Reached XP level 14. HP: 70/124 MP: 15/15
 17295 | D:11     | Found a staircase to the Orcish Mines.
 17686 | D:11     | Noticed Maurice
 17691 | D:11     | Noticed Grum
 17716 | D:11     | Killed Maurice
 18076 | D:11     | Noticed Fannar
 18093 | D:11     | Killed Fannar
 18093 | D:11     | Reached skill level 18 in Maces & Flails
 18116 | D:11     | Killed Grum
 18373 | D:12     | Found a shadowy altar of Dithmenos.
 19064 | D:13     | Found a gate to the Vaults.
 19489 | D:13     | Found a sparkling altar of Nemelex Xobeh.
 21065 | D:14     | Reached skill level 19 in Maces & Flails
 21169 | D:14     | Gained mutation: Your flesh is heat resistant. (rF+) [mutagenic meat]
 21517 | D:15     | Entered Level 15 of the Dungeon
 21585 | D:15     | Noticed Louise
 21612 | D:15     | Cast into level 2 of the Abyss (Louise)
 21681 | Abyss:3  | Noticed a tentacled starspawn
 21690 | Abyss:3  | Killed a tentacled starspawn
 21856 | Abyss:4  | Reached XP level 15. HP: 122/129 MP: 16/16
 21913 | Abyss:4  | Noticed a tentacled starspawn
 21940 | Abyss:4  | HP: 7/154 [dire elephant (18)]
 22089 | Abyss:4  | Learned a level 2 spell: Blink
 22134 | Abyss:5  | Entered Level 5 of the Abyss
 22134 | Abyss:5  | Found a corrupted altar of Lugonu.
 22389 | D:15     | Escaped the Abyss
 22977 | D:15     | Killed Louise
 22977 | D:15     | Reached skill level 20 in Maces & Flails
 23360 | D:15     | Found a staircase to the Depths.
 23630 | Orc:1    | Entered Level 1 of the Orcish Mines
 23633 | Orc:1    | Noticed an orc warlord
 23636 | Orc:1    | Noticed Snorg
 23662 | D:11     | Killed Snorg
 23790 | D:11     | Killed an orc warlord
 24262 | Orc:1    | Noticed Josephine
 24272 | Orc:1    | Killed Josephine
 24272 | Orc:1    | Reached skill level 15 in Bows
 24637 | Orc:2    | Entered Level 2 of the Orcish Mines
 24644 | Orc:2    | Found a staircase to the Elven Halls.
 24645 | Orc:2    | Found Ylylimi's Antique Weapon Shop.
 25506 | Orc:2    | Bought a jewelled morningstar for 234 gold pieces
 25506 | Orc:2    | Identified the +7 morningstar of Tomorrow {flame, rElec Int+3} (You bought it in a shop on level 2 of the Orcish Mines)
 25543 | Orc:2    | Noticed an orc warlord
 25592 | Orc:1    | Killed an orc warlord
 26332 | Orc:2    | Found Bufaim's General Store.
 26375 | Orc:2    | Bought a scroll of teleportation for 48 gold pieces
 26375 | Orc:2    | Bought a scroll of enchant armour for 120 gold pieces
 26394 | Orc:2    | Noticed an orc warlord
 26484 | Orc:2    | Killed an orc warlord
 27316 | Orc:2    | Found Latiatell's Jewellery Shoppe.
 27352 | Orc:2    | Bought the ring of Quokhluck {rElec rPois rF+ MP+9 Int-2} for 656 gold pieces
 27382 | Orc:2    | Found Yzilaeg's Antique Armour Emporium.
 27413 | Orc:2    | Got an encrusted chain mail
 27424 | Orc:2    | Identified the cursed +0 chain mail of Muohif {-Tele rF+ Int+5} (You found it on level 2 of the Orcish Mines)
 27762 | Orc:1    | Noticed an orc warlord
 27791 | Orc:2    | Killed an orc warlord
 28001 | Orc:2    | Reached XP level 16. HP: 41/141 MP: 17/17
 28529 | Orc:1    | Paralysed by an orc sorcerer for 6 turns
 28847 | Snake:1  | Entered Level 1 of the Snake Pit
 30199 | Snake:1  | Learned a level 1 spell: Summon Butterflies
 30557 | Snake:2  | Found a gateway to a bazaar.
 30562 | Bazaar   | Entered a bazaar
 30562 | Bazaar   | Found Eshuwath's Distillery.
 30562 | Bazaar   | Found Duddevve's Book Emporium.
 30566 | Bazaar   | Found Muowniah's Assorted Antiques.
 30570 | Bazaar   | Bought a potion of berserk rage for 40 gold pieces
 30570 | Bazaar   | Bought a potion of agility for 32 gold pieces
 30570 | Bazaar   | Bought a potion of haste for 80 gold pieces
 30570 | Bazaar   | Bought a potion of might for 32 gold pieces
 30570 | Bazaar   | Bought a potion of might for 32 gold pieces
 30570 | Bazaar   | Bought a potion of might for 32 gold pieces
 30574 | Bazaar   | Bought a puce potion for 16 gold pieces
 30574 | Bazaar   | Bought a scroll labeled MASCHO PEOXETT for 18 gold pieces
 30574 | Bazaar   | Lost mutation: Your magical capacity is low. (-10% MP) [potion of mutation]
 30574 | Bazaar   | Lost mutation: Your muscles are strong. (Str +2) [potion of mutation]
 30574 | Bazaar   | Lost mutation: Your flesh is heat resistant. (rF+) [potion of mutation]
 30574 | Bazaar   | Lost mutation: You have very sharp teeth. [potion of mutation]
 30574 | Bazaar   | Gained mutation: Your muscles are strong. (Str +2) [potion of mutation]
 30574 | Bazaar   | Gained mutation: Your spells are a little easier to cast, but a little less powerful. [potion of mutation]
 30574 | Bazaar   | Gained mutation: Your flesh is cold resistant. (rC+) [potion of mutation]
 30581 | Bazaar   | Found Duachad's Armour Emporium.
 31601 | Snake:2  | You fall through a shaft!
 32042 | Snake:2  | Reached skill level 15 in Fighting
 33675 | Snake:1  | Reached XP level 17. HP: 147/156 MP: 20/20
 33964 | Elf:1    | Entered Level 1 of the Elven Halls
 34134 | Elf:1    | Noticed a Brimstone Fiend
 34158 | Elf:1    | Found Faryesue's Weapon Shop.
 34199 | Elf:1    | HP: 7/158 [deep elf archer/arrow (12)]
 34200 | Elf:1    | Shot with an arrow by a deep elf archer

Skill      XL: |  1  2  3  4  5  6  7  8  9 10 11 12 13 14 15 16 17 |
---------------+----------------------------------------------------+-----
Fighting       | 2 3 5 8 10 11 12 15 16 | 16.0
Evocations     | 3 5 6 |  6.0
Dodging        | 3 4 5 6 |  6.0
Armour         | 1 3 5 6 7 10 12 | 12.0
Maces & Flails | 1 4 6 8 10 12 14 15 17 19 20 | 20.1
Bows           | 4 8 11 13 16 17 18 | 18.1
Short Blades   | |  1.1
Stealth        | |  0.7

Action                   |  1- 3 |  4- 6 |  7- 9 | 10-12 | 13-15 | 16-18 || total
-------------------------+-------+-------+-------+-------+-------+-------++-------
Melee: Short sword       |   115 |   123 |       |       |       |       ||   238
       Headbutt          |    18 |    34 |    77 |   102 |   295 |   115 ||   641
       Flail             |       |    73 |   415 |   209 |       |       ||   697
       Bite              |       |       |       |    72 |   162 |    28 ||   262
       Great mace        |       |       |       |   422 |  1185 |       ||  1607
       Morningstar       |       |       |       |       |   186 |   502 ||   688
 Fire: Longbow           |       |       |       |    55 |   153 |   107 ||   315
 Abil: Evoke Invisibilit |       |       |       |       |       |     1 ||     1
Evoke: Wand              |       |       |     7 |     5 |       |       ||    12
  Use: Potion            |       |     5 |     9 |     4 |    13 |     4 ||    35
       Scroll            |       |     2 |    12 |     8 |    18 |     5 ||    45
 Stab: Invisible         |       |       |     1 |       |     3 |     1 ||     5
       Paralysed         |       |       |     6 |     3 |       |       ||     9
       Distracted        |       |       |       |       |       |     1 ||     1
  Eat: Chunk             |       |     6 |    12 |    12 |    26 |       ||    56
       Fruit             |       |       |     7 |       |     8 |     5 ||    20
       Royal jelly       |       |       |     2 |       |     8 |     3 ||    13
       Meat ration       |       |       |       |     3 |       |     1 ||     4
       Bread ration      |       |       |       |     2 |     2 |     1 ||     5
Armor: Leather armour    |    11 |       |       |       |       |       ||    11
       Plate armour      |    57 |   139 |   228 |   364 |   775 |   276 ||  1839
       Skin              |       |       |       |     1 |       |       ||     1
Dodge: Dodged            |    46 |    53 |   117 |   215 |   763 |   229 ||  1423
Block: Other             |       |       |       |    73 |   227 |    86 ||   386
       Reflection        |       |       |       |     2 |     6 |    15 ||    23
       Large shield      |       |       |       |       |       |    10 ||    10
